cohdb
Replays
Latest Replays
All Replays
Popular Replays
Top Player Replays
Match Explorer
How It Works
Community
CoH3 Stats
Reddit
Sign in to upload your games and track your stats! →
Sign in with Steam
Match 32601112
Unlisted
Match 32601112
Overview
Messages
Build Orders
End
Panzergrenadier Squad
Panzergrenadier Squad
Panzergrenadier Squad
Construct Light Support Kompanie
Selects Italian Infantry
2.5-tonne Medical Truck
Selects Guastatori Squad
Fire Support Elements
Pak 38 Mechanized Group
Flakvierling Half-track
Guastatori Squad
2.5-tonne Medical Truck
Selects Registered Artillery
Selects Towed Cannone da 105/28 Field Howitzer
Towed Cannone da 105/28 Field Howitzer
Registered Artillery
Construct Panzerarmee Kommand
Selects Defensive Operations
Armored Reserves
Selects Prepared Positions
Selects Obice 305mm Barrage
Obice 305mm Barrage
Tiger Heavy Tank
Phan
catcher19
kamacura
Dahlian
FtsJono
𝕥𝕚𝕞𝕖 𝕥𝕠 CLIMB
0
0
Comments
sign in to comment!
No comments posted yet!